 Dungeon Crawl Stone Soup version 0.26.1 (webtiles) character file.

Game seed: 11782278369258150421

31933 KamiKatze the Cleaver (level 13, -7/104 HPs)
             Began as a Merfolk Berserker on Feb 6, 2021.
             Was a High Priest of Trog.
             Mangled by a two-headed ogre
             ... wielding a cursed -2 giant club
              (9 damage)
             ... on level 1 of the Orcish Mines on Feb 7, 2021.
             The game lasted 01:25:33 (22001 turns).

KamiKatze the Cleaver (Merfolk Berserker)          Turns: 22001, Time: 01:25:34

Health: -7/104     AC: 19    Str: 22    XL:     13   Next: 61%
Magic:  13/13      EV: 13    Int:  7    God:    Trog [*****.]
Gold:   1333       SH:  0    Dex: 13    Spells: 12/12 levels left

rFire    . . .     SeeInvis .   S - +3 battleaxe (flame)
rCold    . . .     Faith    .   (shield currently unavailable)
rNeg     . . .     Spirit   .   A - +1 crystal plate armour
rPois    .         Reflect  .   B - +2 hat
rElec    .         Harm     .   p - +0 cloak
rCorr    +         Rampage  .   Y - +0 pair of gloves
Will     ++...                  E - +0 pair of boots
Stlth    ..........             (no amulet)
HPRegen  1.27/turn              J - +4 ring of evasion
MPRegen  0.13/turn              t - ring of resist corrosion

@: corroded, regenerating, studying Armour
A: change form in water, swift swim, stealthy swim
a: Renounce Religion, Berserk, Trog's Hand, Brothers in Arms


You were on level 1 of the Orcish Mines.
You worshipped Trog.
Trog was extremely pleased with you.
You visited 3 branches of the dungeon, and saw 15 of its levels.
You also visited: Bailey.

You collected 1333 gold pieces.

Inventory:

Hand Weapons
 a - a +1 war axe
 N - the +8 executioner's axe "Builyrr" {vorpal, rF++ rN+ Int+3}
   (You found it in a bailey)

   It inflicts extra damage upon your enemies.
   It affects your intelligence (+3).
   It greatly protects you from fire.
   It protects you from negative energy.
 S - a +3 battleaxe of flaming (weapon)
 W - a +4 great mace of flaming
Missiles
 b - 3 throwing nets
 c - 86 poisoned darts (quivered)
 d - 20 javelins
 i - 5 boomerangs
 n - 467 stones
 w - 3 boomerangs of dispersal
Armour
 p - a +0 cloak (worn)
 A - a +1 crystal plate armour (worn)
 B - a +2 hat (worn)
 E - a +0 pair of boots (worn)
 F - a +0 plate armour
 M - a +3 scale mail
 T - a +0 kite shield
 Y - a +0 pair of gloves (worn)
Jewellery
 t - a ring of resist corrosion (right hand)
 y - an uncursed ring of willpower
 z - an uncursed ring of willpower
 J - a +4 ring of evasion (left hand)
 V - an uncursed ring of ice
Wands
 h - a wand of iceblast (17)
 m - a wand of polymorph (14)
 v - a wand of flame (49)
 x - a wand of random effects (18)
 C - a wand of enslavement (4)
 G - a wand of disintegration (33)
 I - a wand of acid (6)
 R - a wand of paralysis (4)
Scrolls
 e - 6 scrolls of identify
 g - 2 scrolls of magic mapping
 o - 4 scrolls of blinking
 s - 8 scrolls of teleportation
 D - 4 scrolls of remove curse
 H - 2 scrolls of fog
 P - 2 scrolls of enchant armour
 U - a scroll of vulnerability {unknown}
 X - a scroll of summoning
Potions
 f - 4 potions of flight
 j - 2 potions of cancellation
 k - 4 potions of attraction
 l - 3 potions of mutation
 q - 2 potions of magic
 r - 5 potions of curing
 u - 4 potions of heal wounds
 K - 2 potions of lignification
 L - 2 potions of invisibility
 Q - a potion of brilliance
 Z - a potion of haste
Books
 O - a manual of Armour


   Skills:
 + Level 10.6 Fighting
 * Level 13.6 Axes
 + Level 9.3 Armour
 + Level 12.1 Dodging
 - Level 2.0 Evocations


You had 12 spell levels left.
You didn't know any spells.
Your spell library was empty.

Dungeon Overview and Level Annotations

Branches:
Dungeon (13/15)            Temple (1/1) D:7            Lair (0/6) D:10
    Orc (1/2) D:12         Vaults (0/5) D:13         Bailey (visited)

Altars:
Ashenzari
Cheibriados
Dithmenos
Elyvilon
Fedhas
Gozag
Hepliaklqana
Kikubaaqudgha
Makhleb
Nemelex Xobeh
Okawaru
Qazlal
Ru
Sif Muna
Trog
Uskayaw
Vehumet
Wu Jian
Xom
Yredelemnul
Zin
The Shining One

Shops:
D:12 (

Annotations:
D:3 2 transporters, Descartes's ghost, weakling FeDe
D:13 1 runed translucent door, exclusion: door, brucemayne's ghost, journeyman HOMo
Orc:1 2 transporters, mefis's ghost, journeyman DEWz


Message History

You burn the ogre.
You kill the ogre!
Trog accepts your kill.
You slash the orc warrior! You burn the orc warrior.
You hit the rust devil but do no damage.
The orc warrior hits you with a +0 war axe!!
* * * LOW HITPOINT WARNING * * *
The two-headed ogre barely misses you. The two-headed ogre closely misses you.
The orc warrior misses you. The rust devil hits you.
The rust devil corrodes you! The orc high priest barely misses you.
The orc knight hits you with a +0 war axe.
* * * LOW HITPOINT WARNING * * *
You hit the orc knight. You burn the orc knight.
The orc knight is moderately wounded.
You hit the rust devil but do no damage.
You hit the orc warrior but do no damage.
You hit the two-headed ogre but do no damage.
The rust devil hits you. The rust devil corrodes you!
The two-headed ogre hits you with a cursed -2 giant club!
You die...

.......................#
......................#.
........................
........................
........................
.....o.o................
......o4................
......O@o...............
......)).....###........
.....o...##### ##.......
........## .33. #.......
.......## ...#..##......
....... ..#...#.#.#....
....... #..##. . #......
....... #.# .#W##....#.
#. .#3#....#..


You could see an orc knight, an orc high priest (strong), a two-headed ogre, a
rust devil (summoned), 2 orc warriors and an orc (strong).

Vanquished Creatures
  Azrael (D:12)
  Josephine (D:12)
  Fannar (D:12)
  A boulder beetle (D:13)
  A hydra (D:13)
  4 two-headed ogres
  4 unseen horrors
  A wizard (D:13)
  3 orc knights
  A necromancer (D:13)
  4 ugly things
  An orc sorcerer (Orc:1)
  A deep elf mage (D:13)
  A cyclops (D:12)
  An elephant (D:10)
  2 gargoyles (D:10)
  A troll (shapeshifter) (D:11)
  3 meliai (D:13)
  8 trolls
  A shadow (D:13)
  6 wraiths
  4 wyverns
  A fire elemental (D:12)
  10 yaks
  3 vampire mosquitoes (D:12)
  A basilisk (D:10)
  2 steam dragons
  4 wargs (Orc:1)
  An acid dragon (D:13)
  Edmund (D:4)
  Duvessa (D:4)
  5 hell hounds (D:12)
  16 orc warriors
  2 water moccasins (D:11)
  3 sky beasts
  3 black bears
  6 ice beasts
  A wolf (D:10)
  8 ogres
  3 phantoms
  17 centaurs
  7 bullfrogs
  4 gnoll sergeants
  A wyvern zombie (D:11)
  Dowan (D:4)
  5 scorpions
  6 killer bees (D:8)
  5 wights
  6 howler monkeys
  3 centaur zombies
  A quasit (D:6)
  2 bullfrog zombies (D:5)
  7 hounds
  2 jellies
  7 orc priests
  Crazy Yiuf (D:3)
  3 gnoll shamans (D:10)
  3 bullfrog skeletons
  16 orc wizards
  2 centaur skeletons
  5 iguanas
  8 worker ants
  2 killer bee zombies
  3 hound zombies
  A hound skeleton (D:10)
  A worker ant zombie (D:5)
  26 gnolls
  15 adders
  A shadow imp (D:7)
  6 white imps
  2 ufetubi
  2 oozes
  2 worms
  3 dart slugs
  7 leopard geckos
  72 orcs
  10 bats
  6 giant cockroaches
  8 goblins
  9 hobgoblins
  20 jackals
  4 quokkas
  3 ball pythons
  A ball python skeleton (D:4)
  6 frilled lizards
  A jackal skeleton (D:4)
  6 kobolds
  A leopard gecko skeleton (D:4)
  6 rats
458 creatures vanquished.

Vanquished Creatures (collateral kills)
  A centaur warrior (D:13)
  A yaktaur (D:13)
  A vampire (D:12)
  4 centaurs (D:13)
7 creatures vanquished.

Vanquished Creatures (others)
  A gnoll (D:10)
  12 plants (D:13)
13 creatures vanquished.

Grand Total: 478 creatures vanquished

Notes
Turn   | Place    | Note
-------+----------+-------------------------------------------
     0 | D:1      | KamiKatze the Merfolk Berserker began the quest for the
                  | Orb.
     0 | D:1      | Reached XP level 1. HP: 18/18 MP: 1/1
   250 | D:1      | Reached XP level 2. HP: 24/24 MP: 2/2
   505 | D:1      | Reached ** piety under Trog
   506 | D:1      | Reached XP level 3. HP: 25/29 MP: 3/3
   788 | D:2      | Found a shadowy altar of Dithmenos.
   864 | D:2      | Noticed an ogre
   906 | D:2      | Killed an ogre
   907 | D:2      | Reached skill level 3 in Axes
   907 | D:2      | Reached XP level 4. HP: 29/37 MP: 4/4
   907 | D:2      | Reached XP level 5. HP: 34/42 MP: 5/5
  1220 | D:2      | Found a white marble altar of Elyvilon.
  1711 | D:3      | Found a transporter.
  1713 | D:3      | Found a transporter.
  1713 | D:3      | Noticed an ogre
  1714 | D:3      | Noticed Descartes's ghost (weakling FeDe)
  1714 | D:3      | Identified the cursed +3 great mace of Fragile Peace
                  | {venom, Dex+2}
  1714 | D:3      | Noticed an ogre
  1795 | D:3      | Reached *** piety under Trog
  2101 | D:3      | Reached XP level 6. HP: 44/49 MP: 6/6
  2461 | D:3      | Found a runed translucent door.
  2462 | D:3      | Noticed Crazy Yiuf
  2524 | D:3      | Killed Crazy Yiuf
  2525 | D:3      | Reached skill level 4 in Axes
  3086 | D:4      | Found a broken altar of Ashenzari.
  3136 | D:4      | Reached skill level 1 in Evocations
  3235 | D:4      | Reached XP level 7. HP: 23/55 MP: 7/7
  3498 | D:4      | Noticed Edmund
  3524 | D:4      | Killed Edmund
  3525 | D:4      | Reached skill level 5 in Dodging
  3622 | D:4      | Found a snail-covered altar of Cheibriados.
  3716 | D:4      | Noticed Duvessa
  3716 | D:4      | Noticed Dowan
  3732 | D:4      | Killed Duvessa
  3733 | D:4      | Reached skill level 5 in Fighting
  3736 | D:4      | Killed Dowan
  3737 | D:4      | Reached skill level 5 in Axes
  3940 | D:4      | Found a blossoming altar of Fedhas.
  3940 | D:4      | Found a basalt altar of Yredelemnul.
  3941 | D:4      | Found a sparkling altar of Nemelex Xobeh.
  4112 | D:4      | Found a hazy altar of Hepliaklqana.
  4166 | D:5      | Entered Level 5 of the Dungeon
  4183 | D:5      | Reached XP level 8. HP: 55/62 MP: 8/8
  4951 | D:5      | Reached **** piety under Trog
  5867 | D:6      | Found a bloodstained altar of Trog.
  6120 | D:6      | Reached skill level 6 in Axes
  6709 | D:6      | Reached XP level 9. HP: 55/69 MP: 9/9
  6808 | D:7      | Found a staircase to the Ecumenical Temple.
  7150 | Temple   | Entered the Ecumenical Temple
  7785 | D:7      | Found a stormy altar of Qazlal.
  7929 | D:8      | Found a flagged portal.
  7992 | Bailey   | Entered a bailey
  8140 | Bailey   | Reached skill level 7 in Axes
  8153 | Bailey   | Reached ***** piety under Trog
  8871 | Bailey   | Reached skill level 8 in Axes
  8898 | Bailey   | Reached XP level 10. HP: 59/79 MP: 10/10
  9376 | Bailey   | Reached skill level 9 in Axes
  9416 | Bailey   | Got a bloodstained executioner's axe
  9505 | Bailey   | Identified the +8 executioner's axe "Builyrr" {vorpal, rF++
                  | rN+ Int+3} (You found it in a bailey)
  9595 | D:8      | Found a bloodstained altar of Trog.
 10992 | D:8      | Found a stormy altar of Qazlal.
 11613 | D:8      | Reached skill level 10 in Axes
 12175 | D:9      | Found a sacrificial altar of Ru.
 12685 | D:10     | Entered Level 10 of the Dungeon
 12685 | D:10     | Noticed a two-headed ogre
 12932 | D:9      | Reached skill level 11 in Axes
 12932 | D:9      | Reached XP level 11. HP: 69/84 MP: 11/11
 13100 | D:10     | Killed a two-headed ogre
 13101 | D:10     | Reached skill level 5 in Armour
 14374 | D:10     | Found a sparkling altar of Nemelex Xobeh.
 14508 | D:10     | Found a staircase to the Lair.
 14862 | D:11     | Received a gift from Trog
 15931 | D:11     | Killed an unseen horror
 16194 | D:11     | Reached skill level 12 in Axes
 16242 | D:11     | Killed an unseen horror
 16243 | D:11     | Reached XP level 12. HP: 58/94 MP: 12/12
 16413 | D:11     | Noticed a two-headed ogre
 16442 | D:11     | Killed a two-headed ogre
 16443 | D:11     | Reached skill level 10 in Dodging
 17139 | D:12     | Noticed a two-headed ogre
 17173 | D:12     | Killed a two-headed ogre
 17383 | D:12     | Noticed Fannar
 17648 | D:12     | Noticed Josephine
 17657 | D:12     | Killed Josephine
 17854 | D:12     | Found a staircase to the Orcish Mines.
 18492 | D:12     | Noticed Azrael
 18526 | D:12     | Received a gift from Trog
 18769 | D:12     | Found Uronla's Weapon Emporium.
 19122 | D:12     | Killed Azrael
 19123 | D:12     | Killed Fannar
 19208 | D:12     | Reached skill level 13 in Axes
 19208 | D:12     | Reached XP level 13. HP: 78/103 MP: 13/13
 19308 | D:12     | Got a shimmering glaive
 19309 | D:12     | Identified the +3 glaive of the Coin {pain, +Fly rF+} (You
                  | found it on level 12 of the Dungeon)
 19560 | D:13     | Reached skill level 10 in Fighting
 20388 | D:13     | Found a gate to the Vaults.
 21473 | D:13     | Noticed brucemayne's ghost (journeyman HOMo)
 21476 | D:13     | Found a runed translucent door.
 21735 | Orc:1    | Entered Level 1 of the Orcish Mines
 21956 | Orc:1    | Found a transporter.
 21959 | Orc:1    | Noticed mefis's ghost (journeyman DEWz)
 21974 | Orc:1    | Found a transporter.
 22000 | Orc:1    | HP: 1/104 [orc knight/+0 war axe (5)]
 22001 | Orc:1    | Mangled by a two-headed ogre

Illustrated notes

Levels and vault maps discovered:
D:1:      lemuel_arrival_behind_the_door_large, layout_basic
D:2:      layout_basic, elyvilon_altar_5, grunt_dithmenos_smoke_and_mirrors,
          skrybe_limestone_x
D:3:      layout_basic, gammafunk_ghost_smash, minmay_crystal_water,
          fountainhead, uniq_crazy_yiuf_cottage
D:4:      layout_basic, ashenzari_altar_1, nzn_hepliaklqana_mist_gate,
          gammafunk_temple_overflow_claw, kennysheep_slug_shrine, uniq_duvessa,
          uniq_edmund
D:5:      layout_loops_ring
D:6:      layout_loops_ring, nicolae_overflow_hidden_temple, minmay_manual_moon
D:7:      layout_basic, nicolae_qazlal_general_emergency,
          minmay_temple_entry_grid
D:8:      layout_layer_cave, basic_altar, enter_bailey_6, dk_vineyard_2,
          serial_park_tiny_1, trog_book
D:9:      layout_layer_cave, general_overflow_altar
D:10:     minmay_skewed_foursquare, layout_cross, david_lair_generic,
          serial_gnoll_camp, gnoll_camp_huts_basic, gnoll_camp_mini_hut,
          gnoll_camp_mini_hut, gnoll_camp_mini_loothouse,
          gnoll_camp_mini_doghouse, gnoll_camp_mini_hut, amcnicky_altar_gilded
D:11:     layout_irregular_city, chequers_serial_rivers_small_3, minivault_28
D:12:     layout_basic, orc_0_dummy, serial_shops, kennysheep_little_box,
          uniq_fannar, uniq_josephine, uniq_azrael
D:13:     layout_layer_cave, david_vaults_1, ebering_ghost_inner_flame,
          minmay_shattered_shrine
Temple:   minmay_temple_curvy_loop
Orc:1:    layout_caves, gammafunk_ghost_stat_death, bh_open_orc_temple

Skill      XL: |  1  2  3  4  5  6  7  8  9 10 11 12 13 |
---------------+----------------------------------------+-----
Dodging        | 3 4 5 6 7 8 9 11 12 | 12.1
Fighting       | 4 5 6 7 8 9 10 | 10.6
Axes           | 3 4 5 6 8 11 12 13 | 13.6
Armour         | 2 3 4 6 8 9 |  9.3
Evocations     | 1 2 |  2.0

Action                   |  1- 3 |  4- 6 |  7- 9 | 10-12 | 13-15 || total
-------------------------+-------+-------+-------+-------+-------++-------
Melee: Hand axe          |    74 |   207 |     4 |       |       ||   285
       War axe           |       |       |   469 |  1051 |   180 ||  1700
       Tailslap          |       |       |     5 |     8 |       ||    13
       Battleaxe         |       |       |       |    15 |   102 ||   117
Throw: Dart              |     2 |     6 |    32 |    11 |     4 ||    55
       Javelin           |       |       |       |    19 |       ||    19
Invok: Berserk           |     1 |     4 |     4 |    12 |     5 ||    26
       Trog's Hand       |       |       |     5 |     7 |     4 ||    16
       Brothers in Arms  |       |       |       |     1 |     2 ||     3
Evoke: Wand              |       |       |    12 |     3 |       ||    15
  Use: Scroll            |       |       |     9 |    13 |     3 ||    25
       Potion            |       |       |     1 |       |     1 ||     2
 Stab: Sleeping          |       |     2 |     2 |       |       ||     4
       Distracted        |       |       |     2 |       |       ||     2
Armor: Leather armour    |    21 |    44 |       |       |       ||    65
       Animal skin       |     1 |       |       |       |       ||     1
       Ring mail         |       |    13 |    28 |       |       ||    41
       Scale mail        |       |       |   116 |    91 |       ||   207
       Crystal plate arm |       |       |       |   633 |   193 ||   826
Dodge: Dodged            |    54 |   163 |   500 |   756 |   182 ||  1655
